 Dungeon Crawl Stone Soup version 0.27.0-1-g7a089689b8 (webtiles) character file.

Game seed: 11623054063124648453

3171 ZombieSheep the Fighter (level 9, -7/81 HPs)
             Began as a Hill Orc Monk on Aug 3, 2021.
             Was a Priest of Makhleb.
             Mangled by a two-headed ogre (9 damage)
             ... on level 9 of the Dungeon.
             The game lasted 00:18:30 (8098 turns).

ZombieSheep the Fighter (Hill Orc Monk)             Turns: 8098, Time: 00:18:31

Health: -7/81      AC: 12    Str: 18    XL:     9   Next: 94%
Magic:  13/13      EV: 10    Int: 10    God:    Makhleb [***...]
Gold:   911        SH:  0    Dex: 14    Spells: 8/8 levels left

rFire    . . .     SeeInvis .   a - +7 quarterstaff of the Ship {freeze, Str+2}
rCold    + . .     Faith    .   (shield currently unavailable)
rNeg     . . .     Spirit   .   l - +0 chain mail
rPois    .         Reflect  .   (no helmet)
rElec    .         Harm     .   y - +1 cloak
rCorr    .         Rampage  .   (no gloves)
Will     ++...                  (no boots)
Stlth    ..........             (no amulet)
HPRegen  0.23/turn              t - ring of willpower
MPRegen  0.13/turn              p - ring "Geso" {rC+ Will+}

@: hasted, studying Dodging, very quick
A: no striking features
a: Renounce Religion, Minor Destruction, Lesser Servant of Makhleb


You were on level 9 of the Dungeon.
You worshipped Makhleb.
Makhleb was most pleased with you.
You visited 2 branches of the dungeon, and saw 10 of its levels.

You collected 1151 gold pieces.
You spent 240 gold pieces at shops.

Inventory:

Hand Weapons
 a - the +7 quarterstaff of the Ship (weapon) {freeze, Str+2}
   (You found it on level 4 of the Dungeon)

   It freezes those it strikes, dealing additional cold damage.
   It can also slow down cold-blooded creatures.
   Str:       It affects your strength (+2).
 b - the +7 lajatang of Huraab {antimagic, rC+}
   (You acquired it on level 6 of the Dungeon)

   It reduces the magical energy of the wielder, and disrupts the spells and
   magical abilities of those it strikes.
   Natural abilities and divine invocations are not affected.
   rC:        It protects you from cold.
Armour
 c - a +0 kite shield
 l - a +0 chain mail (worn)
 y - a +1 cloak (worn)
Jewellery
 j - a ring of flight
 p - the ring "Geso" (right hand) {rC+ Will+}
   (You acquired it on level 7 of the Dungeon)

   [ring of protection from cold]

   rC:        It protects you from cold.
   Will:      It increases your willpower.
 s - the ring of Osun {Ice Contam rPois rN++ Slay+2}
   (You took it off a gnoll on level 7 of the Dungeon)

   [ring of ice]

   It enhances your ice magic.
   Slay:      It affects your accuracy & damage with ranged weapons and melee
   (+2).
   rF:        It makes you vulnerable to fire.
   rC:        It protects you from cold.
   rPois:     It protects you from poison.
   rN:        It greatly protects you from negative energy.
   Contam:    It causes magical contamination when unequipped.
 t - a ring of willpower (left hand)
Wands
 n - a wand of charming (10)
 u - a wand of digging (5)
 v - a wand of flame (11)
Scrolls
 e - a scroll of blinking
 o - 3 scrolls of teleportation
 w - a scroll of enchant weapon
 z - a scroll of amnesia
 B - a scroll of magic mapping {unknown}
Potions
 f - a potion of flight
 g - a potion of attraction {unknown}
 h - a potion of cancellation
 k - 2 potions of might {unknown}
 m - 7 potions of lignification
 q - a potion of magic {unknown}
 r - a potion of resistance {unknown}
 x - a potion of curing
 A - a potion of brilliance {unknown}


   Skills:
 + Level 8.2 Fighting
 - Level 5.6 Axes
 + Level 5.1 Staves
 + Level 6.6 Armour
 + Level 6.7 Dodging
 - Level 1.5 Stealth
 + Level 6.6 Invocations


You had 8 spell levels left.
You didn't know any spells.
Your spell library contained the following spells:

 Spells                   Type           Power      Damage    Failure   Level
 Pain                     Necr           0%         1d4       99%         1
 Sublimation of Blood     Necr           0%         N/A       99%         2
 Wereblood                Tmut           0%         N/A       99%         2
 Agony                    Necr           0%         N/A       100%        5
 Excruciating Wounds      Necr           0%         N/A       100%        5
 Summon Hydra             Summ           0%         N/A       100%        7


Dungeon Overview and Level Annotations

Branches:
Dungeon (9/15)             Temple (1/1) D:5             Orc (0/2) D:9
   Lair: D:8-11

Altars:
Cheibriados
Dithmenos
Elyvilon
Fedhas
Gozag
Hepliaklqana
Kikubaaqudgha
Makhleb
Nemelex Xobeh
Qazlal
Ru
Trog
Uskayaw
Vehumet
Wu Jian
Xom
Yredelemnul
Zin
The Shining One

Shops:
D:1 =   D:2 *   D:6 =   D:7 [=

Annotations:
D:6 1 runed translucent door, HilariousDeathArtist's ghost, novice DDTm
D:8 3 runed translucent doors, Dippn's ghost, journeyman DjFE
D:9 Erica


Message History

The killer bee stings you.
You are poisoned.
The killer bee poisons you! The warg misses you.
You closely miss the warg.
You feel very sick.
The killer bee stings you but does no damage.
The warg barely misses you.
The killer bee stings you but does no damage.
You barely miss the warg.
You feel sick. The killer bee stings you. The warg bites you!
The killer bee misses you. The warg barely misses you.
Unknown command.
You feel yourself speed up.
You feel sick. The killer bee barely misses you. The warg misses you.
The killer bee stings you but does no damage.
The warg bites you!
* * * LOW HITPOINT WARNING * * *
The killer bee stings you.
* * * LOW HITPOINT WARNING * * *
The warg bites you.
* * * LOW HITPOINT WARNING * * *
The killer bee barely misses you.
You feel sick. The killer bee barely misses you.
You feel sick.
You feel sick.
The centaur shouts!
A two-headed ogre comes into view. It is wielding two +0 giant clubs.
A yak comes into view.
The centaur wields a +0 shortbow.
The centaur shoots an arrow.
The arrow hits you.
* * * LOW HITPOINT WARNING * * *
A yak comes into view.
You feel sick.
The yak bellows!
You hear a bellow!
Found 14 arrows.
You feel sick.
You are no longer poisoned.
You sock the two-headed ogre! You freeze the two-headed ogre.
The two-headed ogre is moderately wounded.
The two-headed ogre hits you with a +0 giant club!
You die...

#..## ... .. # .... . .
.... .. ...(. ... ###...
#. ########## #... >.. .
..?......######.######.##
.........#.hy.h@O.Y......
.......>...####.cY......#
.........######.......#
.........####........####
............yh..........#
.........##...#......##..
.........#...........#
.........######......#
.........# #......#


You could see a two-headed ogre, 2 yaks, 2 wargs, a centaur and a killer bee.

Vanquished Creatures
  Joseph (D:7)
  A troll (D:8)
  Sigmund (D:2)
  A steam dragon (D:8)
  A water moccasin (D:8)
  2 orc warriors
  2 black bears
  An ice beast (D:7)
  A necrophage (D:6)
  A phantom (D:6)
  2 centaurs
  A kobold brigand (D:8)
  5 bullfrogs
  A scorpion (D:5)
  A water moccasin zombie (D:5)
  A wyvern skeleton (D:6)
  8 killer bees
  A howler monkey (D:6)
  A centaur zombie (D:7)
  2 jellies
  3 hounds
  An iguana (D:6)
  A gnoll shaman (D:5)
  2 orc wizards (D:6)
  2 hound skeletons (D:4)
  7 gnolls
  6 adders
  A howler monkey skeleton (D:6)
  2 shadow imps
  2 white imps
  2 ufetubi
  A worm (D:2)
  A dart slug (D:4)
  7 orcs
  5 bats
  6 endoplasms
  A giant cockroach (D:3)
  4 goblins (D:1)
  7 hobgoblins
  2 jackals (D:2)
  9 kobolds
  A quokka (D:1)
  3 ball pythons
  3 frilled lizards
  A rat (D:1)
115 creatures vanquished.

Notes
Turn   | Place    | Note
-------+----------+-------------------------------------------
     0 | D:1      | ZombieSheep the Hill Orc Monk began the quest for the Orb.
     0 | D:1      | Reached XP level 1. HP: 19/19 MP: 1/1
   115 | D:1      | Reached XP level 2. HP: 10/27 MP: 2/2
   810 | D:1      | Found Kuukliss's Jewellery Shoppe.
  1099 | D:2      | Found Leanadd's Assorted Antiques.
  1108 | D:2      | Reached skill level 1 in Armour
  1150 | D:2      | Reached XP level 3. HP: 33/33 MP: 3/3
  1180 | D:1      | Reached skill level 4 in Fighting
  1427 | D:2      | Found a faded altar of an unknown god.
  1501 | D:2      | Reached skill level 5 in Axes
  1577 | D:2      | Noticed Sigmund
  1644 | D:3      | Reached XP level 4. HP: 37/40 MP: 4/4
  2042 | D:3      | Found a snail-covered altar of Cheibriados.
  2042 | D:3      | Found a shimmering altar of Xom.
  2173 | D:4      | Reached XP level 5. HP: 24/47 MP: 5/5
  2360 | D:4      | Identified the +7 quarterstaff of the Ship {freeze, Str+2}
  2396 | D:4      | Noticed a black bear
  2404 | D:4      | Killed a black bear
  2405 | D:4      | Reached skill level 1 in Staves
  2430 | D:4      | Found a stormy altar of Qazlal.
  2596 | D:4      | Found a glowing silver altar of Zin.
  2625 | D:4      | Reached XP level 6. HP: 39/55 MP: 6/6
  2754 | D:4      | Found a sacrificial altar of Ru.
  3108 | D:5      | Entered Level 5 of the Dungeon
  3155 | D:5      | Found a radiant altar of Vehumet.
  3155 | D:5      | Found a bloodstained altar of Trog.
  3220 | D:5      | Reached skill level 5 in Fighting
  3530 | D:5      | Found a staircase to the Ecumenical Temple.
  3539 | Temple   | Entered the Ecumenical Temple
  3591 | Temple   | Became a worshipper of Makhleb the Destroyer
  3591 | Temple   | Reached * piety under Makhleb
  3591 | Temple   | Reached ** piety under Makhleb
  3743 | D:5      | Reached XP level 7. HP: 47/61 MP: 7/7
  3906 | D:5      | Found an ornate altar of the Wu Jian Council.
  4280 | D:2      | Killed Sigmund
  4281 | D:2      | Reached skill level 1 in Invocations
  4754 | D:6      | Reached skill level 6 in Fighting
  4797 | D:6      | Reached XP level 8. HP: 63/70 MP: 10/10
  5228 | D:6      | Found Faingar's Jewellery Shoppe.
  5299 | D:6      | Found a runed translucent door.
  5300 | D:6      | Noticed HilariousDeathArtist's ghost (novice DDTm)
  5803 | D:6      | Identified 3 scrolls of acquirement
  5803 | D:6      | Acquired the +7 lajatang of Huraab {antimagic, rC+}
  5808 | D:6      | Acquired a manual of Dodging
  5810 | D:6      | Acquired 784 gold pieces
  5984 | D:7      | Acquired the ring "Geso" {rC+ Will+}
  6050 | D:7      | Reached skill level 5 in Armour
  6315 | D:7      | Reached skill level 5 in Dodging
  6403 | D:7      | Identified the ring of Osun {Ice Contam rPois rN++ Slay+2}
  6435 | D:7      | Noticed a +0 dagger
  6435 | D:7      | Noticed a +3 dagger
  6437 | D:7      | Found a hide-covered altar of Uskayaw.
  6454 | D:7      | Reached skill level 7 in Fighting
  6460 | D:7      | Found Ofautaon's Antique Armour Shop.
  6467 | D:7      | Bought an embroidered cloak for 240 gold pieces
  6532 | D:7      | Reached XP level 9. HP: 72/79 MP: 12/12
  6590 | D:7      | Found Omekae's Jewellery Shop.
  6628 | D:7      | Noticed Joseph
  6638 | D:7      | Killed Joseph
  6639 | D:7      | Reached skill level 5 in Invocations
  6935 | D:8      | Found a runed translucent gate.
  6935 | D:8      | Found a runed translucent gate.
  6936 | D:8      | Found a runed translucent gate.
  7159 | D:8      | Noticed Dippn's ghost (journeyman DjFE)
  7347 | D:8      | Noticed a troll
  7352 | D:8      | Killed a troll
  7481 | D:8      | Reached *** piety under Makhleb
  7482 | D:8      | Reached skill level 8 in Fighting
  7532 | D:8      | Noticed a hornet
  7536 | D:8      | Reached skill level 5 in Staves
  7546 | D:8      | Paralysed by a hornet for 2 turns
  7550 | D:8      | Paralysed by a hornet for 1 turns
  7815 | D:9      | Noticed Erica
  8032 | D:8      | Noticed a hornet
  8082 | D:9      | Found a staircase to the Orcish Mines.
  8094 | D:9      | Noticed a two-headed ogre
  8094 | D:9      | HP: 3/81 [centaur/arrow (6)]
  8098 | D:9      | Mangled by a two-headed ogre

Illustrated notes

Levels and vault maps discovered:
D:1:      dpeg_arrival_round_a, layout_loops_ring, serial_shops, shop
D:2:      layout_rooms, ebering_ecumenical_altar_rust, serial_shops,
          nicolae_shop_crystal, uniq_sigmund
D:3:      layout_rooms, gammafunk_temple_overflow_wave
D:4:      layout_basic, zin_statuary, mainiacjoe_overflow_boulevard,
          nicolae_ru_great_annihilating_truth
D:5:      layout_basic, pdpol_wu_jian_five_deadly_venoms,
          grunt_temple_overflow_open, temple_hall
D:6:      layout_cave_pools, serial_shops, shop, ebering_ghost_reflecting_pool
D:7:      layout_basic, dancing_weapons_uskayaw, serial_shops, shop,
          shop_fountains, grunt_ministairs_15, hangedman_decor_lopped,
          uniq_joseph
D:8:      wad_river_or_something, layout_loops_corners,
          gammafunk_ghost_necromancy
D:9:      layout_rooms, minmay_orc_entry_guard_dogs, uniq_erica
Temple:   nicolae_temple_god_jail

Skill      XL: |  1  2  3  4  5  6  7  8  9 |
---------------+----------------------------+-----
Armour         | 1 2 3 4 5 6 |  6.6
Fighting       | 4 5 6 7 8 |  8.2
Axes           | 5 |  5.6
Dodging        | 3 4 5 6 |  6.7
Staves         | 1 2 4 5 |  5.1
Invocations    | 2 4 6 |  6.6
Stealth        | |  1.5

Action                   |  1- 3 |  4- 6 |  7- 9 || total
-------------------------+-------+-------+-------++-------
Melee: Hand axe          |   130 |    51 |       ||   181
       Quarterstaff      |       |    58 |   195 ||   253
Evoke: Wand              |       |       |     1 ||     1
  Use: Scroll            |     3 |     6 |    12 ||    21
       Potion            |       |       |     7 ||     7
 Stab: Paralysed         |       |     1 |       ||     1
Armor: Scale mail        |    75 |    32 |       ||   107
       Chain mail        |       |    23 |   116 ||   139
Dodge: Dodged            |    71 |    50 |   108 ||   229
